AoeStats
← Nopec

Arena

507517781Analyzed
4v4 RM · 14d ago on Sep 18, 2026· 40m 6s· 8 players
Game mode
Random Map
Map size
Large (8 player)
Population
200
Speed
Normal
Resources
Standard
Victory
Conquest
Starting age
Dark Age
Ending age
Imperial Age
RankedLock teamsTeams togetherTeam positionsShared explorationLock speedFull tech treeHidden civsTurbo modeCheats
Victory
Defeat
🇮🇳 Khmer · India
824
+14
🇨🇳 Jurchens · China
769
+16
🇨🇳 Huns · China
756
+16
🇩🇪 Aztecs · Germany
738
+17
🇬🇷 Franks · Greece
864
-20
🇺🇸 Bohemians · United States
848
-19
🇩🇰 Japanese · Denmark
706
-13
🇬🇧 Armenians · United Kingdom
657
-11
Nopec
5:43 Loom
11:35 Feudal Age
12:07 Double-Bit Axe
12:02 Horse Collar
15:33 Scale Mail Armor
15:43 Forging
20:01 Wheelbarrow
23:19 Castle Age
21:32 Stone Mining
25:39 Murder Holes
26:04 Ballistics
30:51 Town Watch
32:08 Fletching
32:35 Chain Mail Armor
32:23 Gold Mining
32:46 Heavy Plow
33:52 Hand Cart
35:22 Bodkin Arrow
37:02 Bow Saw
41:49 Imperial Age
开局一片田
10:33 Feudal Age
14:48 Castle Age
12:58 Double-Bit Axe
14:39 Horse Collar
16:07 Bow Saw
16:04 Heavy Plow
22:23 Wheelbarrow
24:19 Stone Mining
25:35 Hand Cart
26:09 Gold Mining
29:47 Imperial Age
27:38 Loom
27:39 Town Watch
28:03 Scale Barding Armor
28:08 Forging
28:00 Marauders
29:18 Chain Barding Armor
29:57 Gold Shaft Mining
29:53 Bloodlines
29:43 Husbandry
30:24 Iron Casting
30:04 Elite Tarkan
31:05 Conscription
31:26 Plate Barding Armor
32:18 Two-Man Saw
33:10 Blast Furnace
35:31 Atheism
DLC
0:32 Loom
12:08 Feudal Age
16:50 Castle Age
16:07 Stone Mining
16:05 Double-Bit Axe
26:03 Horse Collar
27:05 Gold Mining
29:28 Forging
30:57 Heavy Plow
32:18 Squires
32:52 Bow Saw
36:52 Imperial Age
35:44 Wheelbarrow
36:53 Iron Casting
36:25 Scale Barding Armor
36:08 Pikeman
38:54 Caravan
39:25 Coinage
39:16 Hand Cart
kailashsaravanaraj
7:18 Loom
11:41 Feudal Age
12:23 Double-Bit Axe
15:28 Castle Age
17:21 Wheelbarrow
21:15 Hand Cart
24:19 Bow Saw
23:53 Horse Collar
24:22 Gold Mining
24:22 Stone Mining
26:49 Gold Shaft Mining
26:49 Stone Shaft Mining
30:34 Imperial Age
30:14 Caravan
31:48 Town Watch
33:06 Scale Barding Armor
33:12 Forging
32:53 Fletching
34:08 Conscription
33:09 Elite Ballista Elephant
33:51 Double Crossbow
33:53 Tusk Swords
34:29 Hoardings
36:32 Siege Engineers
36:38 Masonry
36:49 Ballistics
37:30 Chemistry
theblackdouglas9
11:42 Feudal Age
14:05 Wheelbarrow
17:30 Castle Age
16:40 Horse Collar
16:50 Double-Bit Axe
20:38 Fervor
21:18 Hand Cart
25:54 Scale Mail Armor
31:53 Imperial Age
30:50 Bow Saw
30:31 Gold Mining
30:32 Stone Mining
31:05 Heavy Plow
32:29 Chain Mail Armor
32:25 Forging
31:37 Man-at-Arms
32:04 Gambesons
32:19 Squires
32:11 Arson
32:42 Long Swordsman
34:21 Conscription
35:05 Pikeman
35:24 Two-Handed Swordsman
Boundless316
3:28 Loom
3:33 Loom
6:21 Loom
10:48 Feudal Age
12:30 Wheelbarrow
11:44 Double-Bit Axe
11:43 Horse Collar
19:01 Castle Age
19:57 Hand Cart
19:54 Bow Saw
19:48 Heavy Plow
31:50 Imperial Age
29:36 Treadmill Crane
30:47 Fletching
31:09 Forging
31:00 Padded Archer Armor
31:01 Scale Mail Armor
30:51 Town Watch
33:02 Chemistry
33:10 Bodkin Arrow
33:59 Coinage
33:34 Caravan
34:25 Town Patrol
34:44 Chain Mail Armor
35:26 Banking
36:45 Pikeman
38:04 Squires
avvocatore
0:29 Loom
10:31 Feudal Age
11:33 Double-Bit Axe
11:41 Gold Mining
12:28 Wheelbarrow
11:40 Town Watch
15:49 Man-at-Arms
16:19 Arson
23:25 Castle Age
22:44 Scale Mail Armor
22:55 Forging
25:20 Husbandry
24:55 Long Swordsman
26:58 Bow Saw
27:56 Gold Shaft Mining
28:10 Scale Barding Armor
28:30 Pikeman
29:12 Squires
31:28 Gambesons
32:19 Hand Cart
33:52 Iron Casting
34:58 Chain Mail Armor
36:01 Town Patrol
BlacKHazE.
12:39 Feudal Age
13:29 Man-at-Arms
13:56 Arson
14:11 Double-Bit Axe
20:55 Castle Age
19:45 Scale Mail Armor
21:05 Stone Mining
21:02 Long Swordsman
21:28 Gambesons
21:43 Squires
27:47 Horse Collar
28:20 Fletching
29:32 Bow Saw
30:21 Heavy Plow
30:22 Bodkin Arrow
32:19 Gold Mining
Connection lost

Rejoining the realm…

Still unreachable

The connection could not be restored.

Session expired

The server has moved on; the page needs a fresh start.